 Dungeon Crawl Stone Soup version 0.25-a0-41-g6cf4ce537d (webtiles) character file.

Game seed: 8334659025694818280, levelgen mode: deterministic

135 Gumption the Grave Robber (level 5, -1/35 HPs)
             Began as a Human Necromancer on Oct 21, 2019.
             Killed by divine providence
             ... invoked by an orc priest
              (11 damage)
             ... on level 4 of the Dungeon.
             The game lasted 00:50:16 (4485 turns).

Gumption the Grave Robber (Human Necromancer)       Turns: 4485, Time: 00:50:17

Health: -1/35      AC:  2    Str:  8    XL:     5   Next: 41%
Magic:  9/9        EV: 12    Int: 17    God:
Gold:   131        SH:  0    Dex: 13    Spells: 2/10 levels left

rFire    . . .     SeeInvis .   b - +0 hunting sling (freeze)
rCold    . . .     Gourm    .   (no shield)
rNeg     . . .     Faith    .   f - +0 robe
rPois    .         Spirit   .   (no helmet)
rElec    .         Reflect  .   (no cloak)
rCorr    +         Harm     .   (no gloves)
MR       .....                  (no boots)
Stlth    ++........             (no amulet)
HPRegen  0.11/turn              r - ring of resist corrosion
MPRegen  0.11/turn              (no ring)

@: no status effects
A: no striking features
a: no special abilities


You were on level 4 of the Dungeon.
You were not hungry.

You visited 1 branch of the dungeon, and saw 4 of its levels.

You collected 131 gold pieces.

Inventory:

Hand Weapons
 a - a +0 trident
 b - a +0 hunting sling of freezing (weapon)
Missiles
 c - 114 stones (quivered)
 g - 3 poisoned darts
Armour
 f - a +0 robe (worn)
Jewellery
 r - a ring of resist corrosion (left hand)
Scrolls
 d - 2 scrolls of remove curse
 i - 5 scrolls of teleportation
 k - a scroll of blinking {unknown}
 l - a scroll of random uselessness {unknown}
Potions
 h - a potion of curing
 j - a potion of heal wounds
 n - 4 potions of lignification
 o - a potion of ambrosia {unknown}
 p - a potion of flight {unknown}
 q - a potion of brilliance {unknown}
Comestibles
 e - 3 rations


   Skills:
 - Level 2.0 Dodging
 - Level 2.0 Stealth
 + Level 3.1 Spellcasting
 * Level 5.6 Necromancy


You had 2 spell levels left.
You knew the following spells:

 Your Spells              Type           Power        Failure   Level  Hunger
a - Pain                  Necr           ###.         1%          1    None
b - Animate Skeleton      Necr           N/A          1%          1    None
c - Vampiric Draining     Necr           ###.......   4%          3    ###....
z - Regeneration          Chrm/Necr      ##........   16%         3    ###....

Your spell library contained the following spells:

 Spells                   Type           Power        Failure   Level  Hunger
 Animate Dead             Necr           N/A          17%         4    ####...


Dungeon Overview and Level Annotations

Branches:
Dungeon (4/15)
 Temple: D:4-7

Altars:
Trog

Annotations:
D:1 exclusion: 2 jackals
D:2 exclusion: downstairs
D:3 exclusion: downstairs, Terence
D:4 Sigmund


Message History

n - 4 potions of lignification (gained 2)
You now have 131 gold pieces (gained 14).
Found 12 gold pieces.
You see here 12 gold pieces.
The orc priest shouts!
The orc priest is too close now for your liking.
Firing (i - inventory. (/) - cycle)
c - 115 stones (quivered)
Press: ? - help, Shift-Dir - straight line, f - orc priest
Aim: an orc priest, wielding a +1 hand axe of chopping You shoot a stone.
The stone hits the orc priest.
The stone freezes the orc priest.
The orc priest is heavily wounded.
The orc priest calls down the wrath of Beogh upon you.
Beogh smites you!
The orc priest calls down the wrath of Beogh upon you.
Beogh smites you!
* * * LOW HITPOINT WARNING * * *
The orc priest mumbles some strange prayers to Beogh against you.
Beogh smites you!
You die...

#### ###.#
#.o.#### .#
#.#....# .#
#...♣♣.##.#
#.♣♣♣♣♣.#.#
#.♣
♣.#.#####
##.♣
♣........
#..♣
♣..######
#.@♣ ♣..#
##...♣♣♣♣..#
#.......).##
#.####.####
# .#.....# .
##.####.# @#
#.# #. #.# .
#.#


You could see an orc priest.

Vanquished Creatures
  An iguana (D:4)
  A gnoll (D:3)
  4 adders
  An ooze (D:1)
  A worm (D:3)
  A dart slug (D:2)
  2 leopard geckos (D:1)
  5 bats
  3 giant cockroaches
  6 goblins
  7 hobgoblins
  2 quokkas
  3 frilled lizards
  8 kobolds
  9 rats
54 creatures vanquished.

Vanquished Creatures (collateral kills)
  A rat (D:3)
1 creature vanquished.

Grand Total: 55 creatures vanquished

Notes
Turn   | Place    | Note
-------+----------+-------------------------------------------
     0 | D:1      | Gumption the Human Necromancer began the quest for the Orb.
     0 | D:1      | Reached XP level 1. HP: 13/13 MP: 3/3
     4 | D:1      | Learned a level 1 spell: Animate Skeleton
   372 | D:1      | Reached XP level 2. HP: 18/19 MP: 3/5
  1130 | D:1      | Reached XP level 3. HP: 18/24 MP: 3/6
  2130 | D:2      | Learned a level 3 spell: Vampiric Draining
  2365 | D:2      | Reached skill level 5 in Necromancy
  2365 | D:2      | Reached XP level 4. HP: 20/30 MP: 1/8
  2371 | D:2      | Learned a level 3 spell: Regeneration
  2956 | D:3      | Noticed Terence
  3346 | D:3      | Noticed a moth of wrath
  3349 | D:3      | Found a bloodstained altar of Trog.
  3952 | D:4      | Reached XP level 5. HP: 33/35 MP: 6/9
  4113 | D:4      | Noticed an ogre
  4114 | D:4      | Noticed Sigmund
  4485 | D:4      | Killed from afar by an orc priest

Levels and vault maps discovered:
D:1:      dpeg_arrival_fog, layout_loops_ring
D:2:      layout_loops_corners, first_ration
D:3:      layout_loops_ring, corexii_leaking_fountain, tgw_trog, uniq_terence
D:4:      layout_loops_ring, serial_shops, kennysheep_mini_moat, nrook_campfire,
          nicolae_dithmenos_through_a_glass_darkly, uniq_sigmund

Skill      XL: |  1  2  3  4 |
---------------+-------------+-----
Necromancy     | 5 |  5.6
Spellcasting   | 3 |  3.1
Dodging        | |  2.0
Stealth        | |  2.0

Action                   |  1- 3 |  4- 6 || total
-------------------------+-------+-------++-------
Melee: Short sword       |     7 |       ||     7
       Trident           |       |     2 ||     2
 Fire: Hunting sling     |       |    42 ||    42
Throw: Stone             |    17 |       ||    17
 Cast: Pain              |    62 |    42 ||   104
       Animate Skeleton  |    14 |    10 ||    24
  Use: Scroll            |     3 |     2 ||     5
  Eat: Chunk             |     5 |     6 ||    11
       Ration            |       |     1 ||     1
Armor: Robe              |       |     4 ||     4
Dodge: Dodged            |    15 |    15 ||    30

Table legend:
 A = Non-vault XP
 B = Vault XP
 C = Vault XP percentage of total XP
 D = Non-vault monster count
 E = Vault monster count
 F = Vault count percentage of total count
                 A         B        C        D         E       F
            +---------+---------+-------+---------+---------+-------
      Total |     185 |       8 |   4.1 |      50 |       5 |   9.1
            +---------+---------+-------+---------+---------+-------
        D:1 |      43 |       0 |   0.0 |      23 |       0 |   0.0
        D:2 |      51 |       0 |   0.0 |      16 |       0 |   0.0
        D:3 |      38 |       8 |  17.4 |       8 |       5 |  38.5
        D:4 |      53 |       0 |   0.0 |       3 |       0 |   0.0
            +---------+---------+-------+---------+---------+-------
